 Dungeon Crawl Stone Soup version 0.25.1-2-g60ff931df9 (webtiles) character file.

Game seed: 15795561169764983922

1026 MajorAdolf the Fighter (level 8, -15/85 HPs)
             Began as a Naga Wanderer on Aug 15, 2020.
             Killed from afar by a gnoll shaman (33 damage)
             ... with an exploding inner flame
             ... hexed by the player character
             ... on level 4 of the Dungeon.
             The game lasted 00:08:20 (6212 turns).

MajorAdolf the Fighter (Naga Wanderer)              Turns: 6212, Time: 00:08:20

Health: -15/85     AC:  8    Str: 16    XL:     8   Next: 23%
Magic:  8/8        EV:  7    Int: 14    God:
Gold:   157        SH:  0    Dex: 10    Spells: 7/7 levels left

rFire    . . .     SeeInvis +   g - +1 dagger (venom)
rCold    . . .     Gourm    .   (no shield)
rNeg     . . .     Faith    .   b - +2 scale mail
rPois    +         Spirit   .   (no helmet)
rElec    .         Reflect  .   (no cloak)
rCorr    .         Harm     .   (no gloves)
MR       +....                  (no barding)
Stlth    ..........             (no amulet)
HPRegen  0.24/turn              (no ring)
MPRegen  0.11/turn              (no ring)

@: drained, very slow
A: large, see invisible, deformed body, poison resistance, slowness 2, slow
metabolism 1, spit poison 1, AC +2
a: Spit Poison


You were on level 4 of the Dungeon.
You were not hungry.

You visited 1 branch of the dungeon, and saw 4 of its levels.

You collected 157 gold pieces.

Inventory:

Hand Weapons
 a - a +0 hand crossbow
 g - a +1 dagger of venom (weapon)
Missiles
 c - 50 bolts
 y - 2 throwing nets (quivered)
Armour
 b - a +2 scale mail (worn)
 s - a +1 scale mail of positive energy
Jewellery
 r - an uncursed amulet of faith {unknown}
 v - a +4 ring of protection {unknown}
Scrolls
 e - a scroll of amnesia
 j - 2 scrolls of immolation
 k - 4 scrolls of identify {unknown}
 m - a scroll of fog {unknown}
 n - 2 scrolls of remove curse {unknown}
 q - a scroll of noise {unknown}
 t - a scroll of enchant weapon {unknown}
 u - a scroll of fear {unknown}
 x - a scroll of teleportation {unknown}
Potions
 d - a potion of lignification
 h - 2 potions of might {unknown}
 i - a potion of curing {unknown}
 l - 2 potions of berserk rage {unknown}
 o - 3 potions of heal wounds {unknown}
 p - 2 potions of magic {unknown}
Comestibles
 f - 9 rations
 w - 4 chunks of flesh


   Skills:
 + Level 9.3(8.6) Fighting
   Level 1.0(0.4) Maces & Flails
 - Level 1.0(0.4) Crossbows
 - Level 4.1(3.4) Armour
   Level 1.0(0.4) Shields
   Level 1.0(0.4) Evocations


You had 7 spell levels left.
You didn't know any spells.
Your spell library was empty.

Dungeon Overview and Level Annotations

Branches:
Dungeon (4/15)
 Temple: D:4-7

Altars:
Fedhas
Okawaru
Ru
Yredelemnul
Zin


Innate Abilities, Weirdness & Mutations

You cannot wear boots.
Your serpentine skin is tough. (AC +2)
You have supernaturally acute eyesight. (SInv)
Armour fits poorly on your strangely shaped body.
Your system is resistant to poisons. (rPois)
You cover ground very slowly.
You have a slow metabolism.
You can spit poison.


Message History

As you read the scroll labeled FUDAYH PUFFAE, it crumbles to dust.
The creatures around you are filled with an inner flame!
It was a scroll of immolation.
Flame seeps out of the gnoll sergeant.
Flame seeps out of the gnoll shaman.
The gnoll shaman is engulfed in blazing flames.
The gnoll shaman explodes!
The fiery explosion engulfs the gnoll shaman!!!
The gnoll shaman explodes!
The fiery explosion engulfs the gnoll!!
The gnoll explodes!
The fiery explosion engulfs the gnoll sergeant!!!
The gnoll sergeant explodes!
The fiery explosion engulfs the gnoll!!
The gnoll explodes!
The fiery explosion engulfs the gnoll shaman!!
The gnoll shaman explodes!
The fiery explosion engulfs you!!
* * * LOW HITPOINT WARNING * * *
The fiery explosion engulfs you!!
You die...

...#.......÷...#.#.
≈≈.........#''##.#.
≈≈.....gg.g#.....#.
...#...gg..#.....#.
##################'#####.#. #
......')§§§§gg.....#...#)#. h
..#.§§○#.......#.#...#. #
#.§○§#.......#...#'##
#############'§§@#############...
#.............§§§............#...
#≈≈≈≈≈≈≈≈≈≈≈≈.)..≈≈≈≈≈≈≈≈≈≈≈≈####
≈≈≈≈≈≈≈≈≈≈≈≈≈....≈≈≈≈≈≈≈≈≈≈≈≈≈≈≈≈
≈≈)≈≈≈≈≈≈≈≈≈≈....≈≈≈≈≈≈≈≈≈≈)≈≈≈≈≈
.)..)..........).................
..†....########.#####)..#..######
######## #.# #.)###..#
#)####..##...#


There were no monsters in sight!

Vanquished Creatures
  Sigmund (D:3)
  A gnoll sergeant (D:4)
  A scorpion (D:3)
  A hound (D:3)
  A bullfrog skeleton (D:4)
  3 orc wizards
  4 gnoll shamans (D:4)
  An iguana (D:3)
  29 gnolls (D:4)
  8 adders
  4 worms
  3 dart slugs (D:1)
  13 orcs
  3 ball pythons
  5 bats
  4 giant cockroaches
  7 goblins
  6 hobgoblins
  17 jackals
  6 kobolds
  A quokka (D:3)
  4 frilled lizards
  A jackal skeleton (D:3)
  12 rats
136 creatures vanquished.

Vanquished Creatures (others)
  A hobgoblin (D:2)
1 creature vanquished.

Grand Total: 137 creatures vanquished

Notes
Turn   | Place    | Note
-------+----------+-------------------------------------------
     0 | D:1      | MajorAdolf the Naga Wanderer began the quest for the Orb.
     0 | D:1      | MajorAdolf set off with the following items: a +0 hand
                  | crossbow, a +2 scale mail, 31 bolts, a potion of
                  | lignification, a ration
     0 | D:1      | Reached XP level 1. HP: 18/18 MP: 1/1
    93 | D:1      | Reached skill level 2 in Fighting
    93 | D:1      | Reached XP level 2. HP: 24/26 MP: 2/2
   462 | D:1      | Reached XP level 3. HP: 33/33 MP: 3/3
   525 | D:1      | Reached skill level 3 in Fighting
  1075 | D:2      | Reached XP level 4. HP: 44/44 MP: 4/4
  1082 | D:2      | Found a glowing silver altar of Zin.
  1088 | D:2      | Found an iron altar of Okawaru.
  1088 | D:2      | Found a basalt altar of Yredelemnul.
  1088 | D:2      | Found a blossoming altar of Fedhas.
  1587 | D:2      | Reached skill level 4 in Fighting
  1744 | D:3      | Reached XP level 5. HP: 13/51 MP: 5/5
  2064 | D:3      | You fall into a shaft and drop 1 floor!
  2079 | D:4      | Reached skill level 5 in Fighting
  2648 | D:3      | Found a sacrificial altar of Ru.
  2901 | D:3      | Reached XP level 6. HP: 60/62 MP: 6/6
  2928 | D:3      | Noticed Sigmund
  2947 | D:3      | Killed Sigmund
  2947 | D:3      | Reached skill level 6 in Fighting
  3864 | D:3      | Reached skill level 7 in Fighting
  4028 | D:3      | Reached XP level 7. HP: 62/72 MP: 7/7
  4874 | D:4      | Reached skill level 8 in Fighting
  5801 | D:4      | Reached XP level 8. HP: 48/82 MP: 8/8
  6077 | D:4      | Reached skill level 9 in Fighting
  6212 | D:4      | Killed from afar by a gnoll shaman

Illustrated notes

Levels and vault maps discovered:
D:1:      evilmike_arrival_crescent, layout_loops_ring, minmay_tromino_v2
D:2:      layout_rooms, chequers_temple_overflow_statue_of_worship,
          first_ration, lemuel_old_faithful
D:3:      minmay_angry_zag, layout_loops_ring, nicolae_ru_path_of_blood,
          uniq_sigmund
D:4:      lemuel_castle_with_subvaults [lemuel_castle_interior_carwin_3],
          layout_rooms

Skill      XL: |  1  2  3  4  5  6  7  8 |
---------------+-------------------------+-----
Fighting       | 2 3 4 5 7 8 9 |  9.3
Maces & Flails | |  1.0
Crossbows      | |  1.0
Armour         | |  4.1
Shields        | |  1.0
Evocations     | |  1.0

Action                   |  1- 3 |  4- 6 |  7- 9 || total
-------------------------+-------+-------+-------++-------
Melee: Dagger            |       |   181 |   217 ||   398
 Fire: Hand crossbow     |   118 |    73 |       ||   191
 Abil: Spit Poison       |       |     2 |     4 ||     6
  Use: Scroll            |       |       |     2 ||     2
  Eat: Chunk             |       |     7 |     6 ||    13
Armor: Scale mail        |    31 |   182 |   100 ||   313
Dodge: Dodged            |    27 |   119 |    87 ||   233
